 Dungeon Crawl Stone Soup version 0.31-a0-640-g39d97e502b (webtiles) character file.

Game seed: 5359866429341024501

2683 qw the Skirmisher (level 9, 0/57 HPs)
             Began as a Gargoyle Hunter on Aug 27, 2023.
             Was a Believer of Okawaru.
             Shot with a sling bullet by Joseph (7 damage)
             ... on level 7 of the Dungeon.
             The game lasted 00:02:39 (5668 turns).

qw the Skirmisher (Gargoyle Hunter)                 Turns: 5668, Time: 00:02:40

Health: 0/57       AC: 14    Str: 18    XL:     9   Next: 64%
Magic:  10/12      EV: 15    Int: 13    God:    Okawaru [**....]
Gold:   328        SH:  0    Dex: 17    Spells: 8/8 levels left

rFire   . . .        m - +0 orcbow
rCold   . . .        (shield currently unavailable)
rNeg    + . .        j - +0 ring mail
rPois   inf          (no helmet)
rElec   +            (no cloak)
rCorr   +            f - +0 pair of gloves
SInv    .            (no boots)
Will    .....        i - amulet of faith
Stlth   +++          a - ring of Ofaotoiv {rCorr Str+3 Int+3}
HPRegen 0.29/turn    (no ring)
MPRegen 0.13/turn

%: faith
@: about to teleport, heroic
A: sickness immunity, AC +6, negative energy resistance 1, electricity
resistance, torment resistance 1, petrification resistance
a: Renounce Religion, Heroism


You were on level 7 of the Dungeon.
You worshipped Okawaru.
Okawaru was pleased with you.
You visited 1 branch of the dungeon, and saw 7 of its levels.
You also visited: Ossuary.

You collected 371 gold pieces.
You spent 43 gold pieces at shops.


Innate Abilities, Weirdness & Mutations

You are immune to sickness and miasma.
Your stone body is resilient. (AC +6)
You are immune to poison.
You resist negative energy. (rN+)
You are resistant to electric shocks. (rElec)
You are resistant to unholy torment.
You are immune to petrification.


   Skills:
 - Level 7.3(12.3) Fighting
 + Level 10.3(15.3) Ranged Weapons
 - Level 2.9(7.9) Armour
 - Level 3.0(8.0) Dodging
 - Level 1.1(6.1) Stealth
 - Level 4.0 Invocations


You had 8 spell levels left.
You didn't know any spells.
Your spell library was empty.

Inventory:

Hand Weapons
 m - a +0 orcbow (weapon)
Armour
 f - a +0 pair of gloves (worn)
 j - a +0 ring mail (worn)
Jewellery
 a - the ring of Ofaotoiv (left hand) {rCorr Str+3 Int+3}
   (You acquired it on level 4 of the Dungeon)

   [ring of resist corrosion]

   Str+3:     It affects your strength (+3).
   Int+3:     It affects your intelligence (+3).
   rCorr:     It protects you from acid and corrosion.
 d - a ring of fire
 e - an amulet of the acrobat
 i - an amulet of faith (around neck)
Scrolls
 g - a scroll of identify
Potions
 b - 2 potions of haste
 h - a potion of mutation
 k - 4 potions of curing
 l - a potion of resistance

Dungeon Overview and Level Annotations

Branches:
Dungeon (7/15)             Temple (0/1) D:5         Ossuary (visited)

Altars:
Cheibriados
Dithmenos
Hepliaklqana
Nemelex Xobeh
Okawaru
Trog
Uskayaw
Wu Jian
Yredelemnul

Shops:
D:4 *

Annotations:
D:4 1 transporter, qw's ghost, amateur GrHs
D:6 1 runed translucent door, qw's ghost, novice MiHs
D:7 1 runed translucent door, Crazy Yiuf; Joseph


Message History

The orc barely misses you.
You shoot an arrow. The arrow closely misses the orc.
You shoot an arrow. The arrow hits the orc.
The orc is lightly wounded.
The orc hits you but does no damage.
You shoot an arrow. The arrow hits the orc.
The orc is moderately wounded.
The orc hits you with a +0 club.
You shoot an arrow. The arrow hits the orc!
You kill the orc!
Okawaru accepts your kill.
You start resting.
You feel like a meek peon again.
Joseph, a Mercenary comes into view.
He is wielding a +0 quarterstaff.
5660 ||| INVOKING Heroism.
You gain the combat prowess of a mighty hero.
Joseph shouts!
You shoot an arrow. The arrow hits Joseph.
Joseph is lightly wounded.
You shoot an arrow. The arrow closely misses Joseph.
Joseph unwields a +0 quarterstaff.
Joseph wields a +0 sling.
Joseph shoots a sling bullet.
The sling bullet misses you.
You shoot an arrow. The arrow hits Joseph.
Joseph is lightly wounded.
Joseph shoots a sling bullet.
The sling bullet completely misses you.
You shoot an arrow. The arrow hits Joseph!
Joseph is moderately wounded.
Joseph shoots a sling bullet.
The sling bullet hits you!
You shoot an arrow. The arrow closely misses Joseph.
You shoot an arrow. The arrow hits Joseph.
Joseph is heavily wounded.
Joseph shoots a sling bullet.
The sling bullet hits you.
You shoot an arrow. The arrow hits Joseph!
Joseph is heavily wounded.
Joseph shoots a sling bullet.
The sling bullet hits you!
5668 ||| READING scroll of teleportation.
As you read the scroll of teleportation, it crumbles to dust.
You feel strangely unstable.
Joseph shoots a sling bullet.
The sling bullet hits you!
You die...

#. .# ##.#.# .....
... ##. #@. ....
#.###########.....
#))..........>#
#@)........# .#
#.########.# .##.
#.# ####.##.##..
#.# #.......##..
#.# #.......#...
#.# #.......#...
#.# #...........
#.# #.....######
####.....#.....


You could see Joseph.

Vanquished Creatures
  A wraith (D:6)
  A wyvern (D:7)
  2 water moccasins (D:6)
  2 orc warriors (D:7)
  An ice beast (D:5)
  A hornet zombie (D:6)
  An ogre (D:4)
  A centaur (D:7)
  2 phantoms
  A kobold brigand (D:6)
  2 elf zombies (Ossuary)
  6 scorpions
  4 wights (D:6)
  2 bullfrog zombies (D:6)
  A human zombie (Ossuary)
  3 orc priests
  2 centaur zombies (D:6)
  2 iguanas
  4 orc wizards
  A killer bee zombie (D:6)
  A hound zombie (Ossuary)
  4 mummies (Ossuary)
  4 gnolls (D:3)
  5 adders
  2 shadow imps
  2 ufetubi (D:4)
  An adder skeleton (D:2)
  2 adder zombies
  3 worms
  2 dart slugs
  21 orcs
  8 ball pythons
  5 bats
  A bat skeleton (D:2)
  A bat zombie (D:2)
  7 endoplasms
  A giant cockroach (D:1)
  A gnoll zombie (Ossuary)
  4 goblins
  6 hobgoblins
  A jackal (D:3)
  2 quokkas
  2 ball python zombies (D:2)
  2 giant cockroach zombies (D:2)
  A jackal zombie (Ossuary)
  9 kobolds
  A kobold zombie (Ossuary)
  2 orc zombies (Ossuary)
  A rat (D:1)
  2 rat zombies (Ossuary)
144 creatures vanquished.

Notes
Turn   | Place    | Note
-------+----------+-------------------------------------------
     0 | D:1      | qw the Gargoyle Hunter began the quest for the Orb.
     0 | D:1      | Reached XP level 1. HP: 12/12 MP: 1/1
     0 | D:1      | 0 ||| qw: Version: 0.3-a-74-g0d5e918
     0 | D:1      | 0 ||| qw: Game counter: 18
     0 | D:1      | 0 ||| qw: Melee chars always use a shield: true
     0 | D:1      | 0 ||| qw: God list: Okawaru
     0 | D:1      | 0 ||| qw: Allow faded altars: false
     0 | D:1      | 0 ||| qw: Do Orc after clearing Dungeon:15 true
     0 | D:1      | 0 ||| qw: Do second Lair branch before Depths: true
     0 | D:1      | 0 ||| qw: Lair rune preference: random
     0 | D:1      | 0 ||| qw: Goals: Normal
     0 | D:1      | 0 ||| PLANNING D:1-11
   183 | D:1      | Reached XP level 2. HP: 17/17 MP: 2/2
   763 | D:1      | 763 ||| READING scroll labelled MANO TINKOHIDD.
   764 | D:1      | 764 ||| READING scroll labelled OXUNU GIUD.
   765 | D:1      | 765 ||| READING scroll labelled ZESUPO CETRI.
   766 | D:1      | 766 ||| READING scroll labelled MYISYX JAEMUM.
   767 | D:1      | 767 ||| DRINKING 2 fizzy green potions.
   768 | D:1      | 768 ||| DROPPING scroll of butterflies.
   805 | D:2      | You fall into a shaft and drop 2 floors!
   826 | D:4      | Reached XP level 3. HP: 21/21 MP: 3/3
   834 | D:4      | 834 ||| READING scroll labelled JIFAECW SAERA.
   834 | D:4      | Identified a scroll of acquirement
   834 | D:4      | 834 ||| ACQUIRING ring of Ofaotoiv {rCorr Str+3 Int+3}
   834 | D:4      | Acquired the ring of Ofaotoiv {rCorr Str+3 Int+3}
   836 | D:4      | 836 ||| UPGRADING to ring of Ofaotoiv {rCorr Str+3 Int+3}.
   837 | D:4      | 837 ||| READING scroll labelled BOTEUMU XIUTO.
   845 | D:4      | 845 ||| STAIRDANCE
   846 | D:3      | Found an ornate altar of the Wu Jian Council.
   851 | D:3      | Reached skill level 5 in Ranged Weapons
   863 | D:3      | 863 ||| FLEEEEING.
   864 | D:3      | 864 ||| FLEEEEING.
   867 | D:3      | 867 ||| STAIRDANCE
   922 | D:2      | 922 ||| READING scroll of enchant weapon.
   922 | D:2      | 922 ||| ENCHANTING +1 shortbow of draining.
  1113 | D:2      | Reached skill level 3 in Fighting
  1360 | D:2      | Reached XP level 4. HP: 27/28 MP: 4/4
  1505 | D:2      | 1505 ||| UPGRADING to +0 pair of gloves.
  1510 | D:2      | 1510 ||| DRINKING 3 coppery potions.
  1511 | D:2      | 1511 ||| DROPPING 2 potions of attraction.
  1716 | D:3      | 1716 ||| RETREATING.
  1722 | D:3      | 1722 ||| Stepping ~*~*~tactically~*~*~ (retreating).
  1725 | D:3      | 1725 ||| Stepping ~*~*~tactically~*~*~ (retreating).
  1726 | D:3      | 1726 ||| Stepping ~*~*~tactically~*~*~ (retreating).
  1727 | D:3      | 1727 ||| Stepping ~*~*~tactically~*~*~ (retreating).
  1728 | D:3      | 1728 ||| Stepping ~*~*~tactically~*~*~ (retreating).
  1743 | D:3      | Reached XP level 5. HP: 24/32 MP: 5/5
  1823 | D:3      | Found a sparkling altar of Nemelex Xobeh.
  1915 | D:3      | Found an iron altar of Okawaru.
  1916 | D:3      | 1916 ||| PLANNING OKAWARU WORSHIP
  1959 | D:3      | Found a hazy altar of Hepliaklqana.
  1960 | D:3      | 1960 ||| UPGRADING to amulet of faith.
  1965 | D:3      | 1965 ||| READING 2 scrolls labelled WOOTUOCV SYUZINK.
  1970 | D:3      | 1970 ||| READING scroll labelled MYQE KINTICZIG.
  1971 | D:3      | 1971 ||| READING scroll labelled FIQUPP KELEM.
  1972 | D:3      | 1972 ||| DRINKING 2 fuming coppery potions.
  1973 | D:3      | 1973 ||| DRINKING 2 fizzy pink potions.
  1974 | D:3      | 1974 ||| READING 2 scrolls of identify.
  1974 | D:3      | 1974 ||| IDENTIFYING brown potion
  1975 | D:3      | 1975 ||| DROPPING potion of magic.
  2029 | D:3      | Became a worshipper of Warmaster Okawaru
  2030 | D:3      | 2030 ||| PLANNING D:1-11
  2063 | D:3      | Found a shadowy altar of Dithmenos.
  2063 | D:3      | Noticed a shadow
  2235 | D:4      | Reached skill level 6 in Ranged Weapons
  2287 | D:4      | 2287 ||| UPGRADING to +0 ring mail.
  2298 | D:4      | 2298 ||| DROPPING +0 leather armour.
  2315 | D:4      | Found Zyopaguse's Assorted Antiques.
  2317 | D:4      | Noticed an ogre
  2324 | D:4      | HP: 2/32 [ogre/+0 giant spiked club (13)]
  2325 | D:4      | 2325 ||| READING scroll of teleportation.
  2326 | D:4      | 2326 ||| DRINKING 2 potions of heal wounds.
  2327 | D:4      | 2327 ||| DRINKING potion of heal wounds.
  2328 | D:4      | Killed an ogre
  2340 | D:4      | Reached XP level 6. HP: 38/38 MP: 6/6
  2674 | D:4      | 2674 ||| SHOPLISTING potion of magic (184 gold, have 133).
  2674 | D:4      | 2674 ||| BUYING scroll labelled JUPNAM FEPRUNE (23 gold).
  2674 | D:4      | Bought a scroll labelled JUPNAM FEPRUNE for 23 gold pieces
  2674 | D:4      | 2674 ||| BUYING yellow potion (20 gold).
  2674 | D:4      | Bought a yellow potion for 20 gold pieces
  2913 | D:4      | Noticed qw's ghost (amateur GrHs)
  2916 | D:4      | Found a transporter.
  2960 | D:4      | 2960 ||| READING 2 scrolls labelled JUPNAM FEPRUNE.
  2961 | D:4      | 2961 ||| READING scroll labelled ESORPH SESIOSK.
  2962 | D:4      | 2962 ||| READING scroll labelled FIONLALEYR.
  2963 | D:4      | 2963 ||| DROPPING scroll of amnesia.
  2973 | D:5      | Entered Level 5 of the Dungeon
  2996 | D:5      | Reached * piety under Okawaru
  2997 | D:5      | Reached XP level 7. HP: 38/43 MP: 7/7
  3005 | D:5      | 3005 ||| DRINKING potion of curing.
  3005 | D:5      | 3005 ||| (to cure confusion)
  3137 | D:5      | Reached skill level 7 in Ranged Weapons
  3137 | D:5      | Reached skill level 1 in Invocations
  3253 | D:5      | Found a staircase to the Ecumenical Temple.
  3420 | D:5      | Reached skill level 3 in Invocations
  3615 | D:5      | 3615 ||| DRINKING 2 yellow potions.
  3616 | D:5      | 3616 ||| READING 2 scrolls of identify.
  3616 | D:5      | 3616 ||| IDENTIFYING metallic sapphire potion
  3617 | D:5      | 3617 ||| DROPPING potion of degeneration.
  3618 | D:5      | 3618 ||| DROPPING potion of brilliance.
  3655 | D:6      | 3655 ||| PLANNING OSSUARY
  3663 | D:6      | Found a sand-covered staircase.
  3673 | D:6      | Reached ** piety under Okawaru
  3683 | D:6      | 3683 ||| INVOKING Heroism.
  3687 | D:6      | HP: 10/43 [wight/+1 battleaxe (6)]
  3688 | D:6      | 3688 ||| DRINKING potion of heal wounds.
  3691 | D:6      | Reached XP level 8. HP: 32/48 MP: 7/10
  3763 | D:6      | Reached skill level 8 in Ranged Weapons
  3764 | Ossuary  | Entered an ossuary
  3781 | Ossuary  | 3781 ||| INVOKING Heroism.
  3804 | Ossuary  | 3804 ||| INVOKING Heroism.
  3842 | Ossuary  | 3842 ||| INVOKING Heroism.
  4122 | Ossuary  | 4122 ||| READING scroll labelled HAIHUZ GAO.
  4223 | Ossuary  | 4223 ||| READING 3 scrolls of identify.
  4223 | Ossuary  | 4223 ||| IDENTIFYING fizzy amethyst potion
  4224 | Ossuary  | 4224 ||| READING 2 scrolls of identify.
  4224 | Ossuary  | 4224 ||| IDENTIFYING orange potion
  4225 | Ossuary  | 4225 ||| DROPPING potion of lignification.
  4239 | D:6      | 4239 ||| PLANNING D:1-11
  4257 | D:6      | Found a runed translucent door.
  4258 | D:6      | Noticed qw's ghost (novice MiHs)
  4323 | D:6      | Reached skill level 9 in Ranged Weapons
  4339 | D:6      | 4339 ||| INVOKING Heroism.
  4363 | D:6      | 4363 ||| INVOKING Heroism.
  4367 | D:6      | Reached skill level 6 in Fighting
  4394 | D:6      | 4394 ||| INVOKING Heroism.
  4469 | D:6      | Found a basalt altar of Yredelemnul.
  4480 | D:6      | Reached XP level 9. HP: 52/55 MP: 12/12
  4726 | D:6      | 4726 ||| INVOKING Heroism.
  4933 | D:6      | Found a snail-covered altar of Cheibriados.
  4956 | D:6      | 4956 ||| INVOKING Heroism.
  4969 | D:6      | Reached skill level 10 in Ranged Weapons
  5138 | D:6      | Found a hide-covered altar of Uskayaw.
  5194 | D:6      | 5194 ||| READING 2 scrolls of identify.
  5194 | D:6      | 5194 ||| IDENTIFYING viscous clear potion
  5299 | D:7      | 5299 ||| INVOKING Heroism.
  5368 | D:7      | Found a runed translucent door.
  5369 | D:7      | Noticed Crazy Yiuf
  5445 | D:7      | Found a bloodstained altar of Trog.
  5507 | D:7      | 5507 ||| INVOKING Heroism.
  5518 | D:7      | Reached skill level 3 in Dodging
  5532 | D:7      | 5532 ||| SWAPPING to +0 orcbow.
  5533 | D:7      | 5533 ||| DROPPING +2 shortbow of draining.
  5631 | D:7      | 5631 ||| INVOKING Heroism.
  5659 | D:7      | Noticed Joseph
  5660 | D:7      | 5660 ||| INVOKING Heroism.
  5667 | D:7      | HP: 7/57 [Joseph/sling bullet (11)]
  5668 | D:7      | 5668 ||| READING scroll of teleportation.
  5668 | D:7      | Shot with a sling bullet by Joseph

Levels and vault maps discovered:
D:1:      dpeg_arrival_radiant, layout_loops_cross, minmay_hedge_maze
D:2:      layout_loops_ring, serial_undead, serial_undead_c, serial_undead_a,
          serial_undead_b, serial_undead_d, serial_undead_b, serial_undead_d,
          serial_undead_f, serial_undead_b, serial_undead_c, serial_undead_d
D:3:      minmay_recursive_quarters, layout_basic,
          pdpol_wu_jian_five_deadly_venoms, mainiacjoe_overflow_catwalk,
          riverfiend_overflow_shadow_ancestor, mainiacjoe_overflow_chevrons,
          serial_bayou_lagoon_a, kennysheep_generic_room_7
D:4:      layout_loops_ring, serial_shops, shop, gammafunk_ghost_smash,
          serial_glass, glass_columns_c, glass_columns_a,
          kennysheep_generic_room_11
D:5:      layout_basic, minmay_temple_entry_butterflies
D:6:      layout_loops_cross, nicolae_yredelemnul_corpse_copse,
          nicolae_uskayaw_dance_studio, lemuel_crystal_altar,
          hellmonk_ghost_happy_afterlife, enter_ossuary_3, nicolae_letterblocks
          [nicolae_letter_subblock, nicolae_letter_subblock,
          nicolae_letter_subblock, nicolae_letter_subblock,
          nicolae_letter_subblock, nicolae_letter_subblock,
          nicolae_letter_subblock, nicolae_letter_subblock,
          nicolae_letter_subblock, nicolae_letter_subblock,
          nicolae_letter_subblock, nicolae_letter_subblock,
          nicolae_letter_subblock, nicolae_letter_subblock,
          nicolae_letter_subblock, nicolae_letter_subblock,
          nicolae_letter_subblock, nicolae_letter_subblock,
          nicolae_letter_subblock, nicolae_letter_subblock,
          nicolae_letter_subblock, nicolae_letter_subblock,
          nicolae_letter_subblock, nicolae_letter_subblock,
          nicolae_letter_subblock]
D:7:      layout_basic, amcnicky_altar_gilded, uniq_joseph,
          uniq_crazy_yiuf_cottage

Skill      XL: |  1  2  3  4  5  6  7  8  9 |
---------------+----------------------------+-----
Ranged Weapons | 5 6 7 9 10 | 10.3
Fighting       | 3 4 6 7 |  7.3
Armour         | 2 |  2.9
Invocations    | 3 4 |  4.0
Dodging        | 2 3 |  3.0
Stealth        | |  1.1

Action                     |  1- 3 |  4- 6 |  7- 9 || total
---------------------------+-------+-------+-------++-------
   Fire: Shortbow          |   126 |   119 |   363 ||   608
         Orcbow            |       |       |    25 ||    25
 Invoke: Heroism           |       |       |    13 ||    13
    Use: Scroll            |     7 |     8 |     6 ||    21
         Potion            |     1 |     5 |     3 ||     9
 Armour: Leather armour    |    22 |     4 |       ||    26
         Ring mail         |       |    34 |   267 ||   301
         Skin              |       |     2 |       ||     2
  Dodge: Dodged            |    30 |    38 |   362 ||   430

Table legend:
 A = Non-vault XP
 B = Vault XP
 C = Vault XP percentage of total XP
 D = Non-vault monster count
 E = Vault monster count
 F = Vault count percentage of total count
                 A         B        C        D         E       F
            +---------+---------+-------+---------+---------+-------
      Total |    2992 |     842 |  22.0 |     103 |      41 |  28.5
            +---------+---------+-------+---------+---------+-------
        D:1 |      28 |       0 |   0.0 |      15 |       0 |   0.0
        D:2 |      29 |      18 |  38.3 |       9 |       8 |  47.1
        D:3 |      72 |      26 |  26.5 |      10 |       6 |  37.5
        D:4 |     351 |       2 |   0.6 |      25 |       1 |   3.8
        D:5 |     596 |       0 |   0.0 |      13 |       0 |   0.0
        D:6 |     980 |     445 |  31.2 |      13 |      10 |  43.5
        D:7 |     936 |       0 |   0.0 |      18 |       0 |   0.0
    Ossuary |       0 |     351 | 100.0 |       0 |      16 | 100.0
            +---------+---------+-------+---------+---------+-------
